 Dungeon Crawl Stone Soup version 0.24.0-13-gcf9b319 (webtiles) character file.

Game seed: 131063284034071737, levelgen mode: deterministic

3022 Fang the Fighter (level 9, -5/88 HPs)
             Began as a Gargoyle Berserker on Nov 12, 2019.
             Was an Elder of Trog.
             Killed by divine providence
             ... invoked by an orc priest
              (10 damage)
             ... on level 8 of the Dungeon.
             The game lasted 00:11:33 (6864 turns).

Fang the Fighter (Gargoyle Berserker)               Turns: 6864, Time: 00:11:33

Health: -5/88      AC:  6    Str: 28    XL:     9   Next: 85%
Magic:  0/9        EV: 14    Int:  9    God:    Trog [****..]
Gold:   490        SH:  0    Dex:  9    Spells: 8/8 levels left

rFire    . . .     SeeInvis +   a - +0 war axe
rCold    . . .     Gourm    .   (no shield)
rNeg     + . .     Faith    .   (no armour)
rPois    ∞         Spirit   +   (no helmet)
rElec    +         Reflect  .   (no cloak)
rCorr    .         Harm     .   (no gloves)
MR       .....                  (no boots)
Stlth    ..........             m - amulet of guardian spirit
HPRegen  0.24/turn              l - ring of see invisible
MPRegen  0.11/turn              y - ring of flight

@: berserking (expiring), very quick
A: negative energy resistance 1, electricity resistance, unbreathing,
petrification resistance, rot immunity, AC +6
a: Berserk, Trog's Hand, Brothers in Arms, Renounce Religion, Evoke Flight


You were on level 8 of the Dungeon.
You worshipped Trog.
Trog was greatly pleased with you.
You were hungry.

You visited 2 branches of the dungeon, and saw 9 of its levels.

You collected 490 gold pieces.

Inventory:

Hand Weapons
 a - a +0 war axe (weapon)
Armour
 b - a +0 plate armour
Jewellery
 l - a ring of see invisible (left hand)
 m - an amulet of guardian spirit (around neck)
 x - a +3 ring of intelligence
 y - a ring of flight (right hand)
 G - an uncursed ring of positive energy
Wands
 w - a wand of clouds (8)
 E - a wand of disintegration (12)
Scrolls
 e - 7 scrolls of remove curse
 f - 2 scrolls of immolation {unknown}
 g - 11 scrolls of identify {unknown}
 o - 3 scrolls of enchant armour {unknown}
 p - a scroll of fog {unknown}
 t - 4 scrolls of teleportation {unknown}
 u - a scroll of noise {unknown}
 v - 2 scrolls of fear {unknown}
 A - a scroll of silence {unknown}
 C - 3 scrolls of magic mapping {unknown}
 F - a scroll of blinking {unknown}
Potions
 d - 2 potions of brilliance {unknown}
 h - 3 potions of invisibility {unknown}
 i - 3 potions of flight {unknown}
 j - a potion of berserk rage {unknown}
 k - 4 potions of agility
 n - 4 potions of curing {unknown}
 q - 2 potions of lignification {unknown}
 r - 2 potions of degeneration {unknown}
 s - 2 potions of haste {unknown}
 z - 3 potions of heal wounds {unknown}
 B - a potion of mutation {unknown}
 D - a potion of cancellation {unknown}
Comestibles
 c - 19 rations


   Skills:
 + Level 8.1 Fighting
 + Level 6.7 Axes
 + Level 7.6 Armour
 + Level 5.8 Dodging


You had 8 spell levels left.
You didn't know any spells.
Your spell library was empty.

Dungeon Overview and Level Annotations

Branches:
Dungeon (8/15)             Temple (1/1) D:4
   Lair: D:8-11

Altars:
Elyvilon
Fedhas
Makhleb
Nemelex Xobeh
Qazlal
Trog
Uskayaw
Xom
Zin
The Shining One

Shops:
D:6 [   D:7 [

Annotations:
D:7 2 transporters, Grum; splatman's ghost, novice FoFi


Innate Abilities, Weirdness & Mutations

You are resistant to torment.
Your stone body is resilient. (AC +6)
You are immune to poison.
You resist negative energy. (rN+)
You are resistant to electric shocks. (rElec)
You can survive without breathing.
You are immune to petrification.
You are immune to rotting.


Message History

The killer bee stings you!
* * * LOW HITPOINT WARNING * * *
The killer bee stings you.
* * * LOW HITPOINT WARNING * * *
The killer bee stings you.
* * * LOW HITPOINT WARNING * * *
The killer bee completely misses you. The killer bee misses you.
The killer bee closely misses you.
You slash the killer bee!
The killer bee is severely wounded.
You barely miss the killer bee. You closely miss the killer bee.
The killer bee stings you.
* * * LOW HITPOINT WARNING * * *
The killer bee barely misses you. The killer bee completely misses you.
The orc priest miscasts a cantrip.
You are feeling hungry.
You feel a strong urge to attack something.
The orc priest invokes the aid of Beogh against you.
Beogh smites you!
You die...

P≈♣PP...######.#
#PP≈P≈≈.......#.#
PP≈PP...####.#.#
.PP≈≈P..# #.#.#
#P≈PP#.####.#.#
#...........#
#..#.####.#.#
#.........#.#
#######...######@#
.........># #y#
######.### #y# #.#
#...o.yy.#
#######.#
#..yyoo..#
#.....#.#
#....o...#
........#
#........#
#.###...#
#........# #.#
#...# #........#


You could see 4 killer bees, 2 orc priests, an orc wizard and an orc.

Vanquished Creatures
  2 hungry ghosts (D:8)
  A water moccasin (D:7)
  2 ice beasts
  An orc warrior (D:8)
  2 black bears
  A phantom (D:7)
  4 ogres
  A centaur (D:5)
  4 bullfrogs
  A gnoll sergeant (D:5)
  2 scorpions
  2 howler monkeys
  5 crimson imps
  4 hounds
  5 orc priests
  3 orc wizards
  A centaur skeleton (D:5)
  9 worker ants
  Terence (D:3)
  5 iguanas
  2 hound skeletons
  A worker ant zombie (D:7)
  2 adders
  8 gnolls
  2 shadow imps (D:7)
  A white imp (D:7)
  An ooze (D:3)
  An adder zombie (D:6)
  An adder skeleton (D:4)
  A worm (D:5)
  A dart slug (D:1)
  5 leopard geckos
  25 orcs
  8 bats
  9 giant cockroaches
  4 goblins
  5 hobgoblins
  11 jackals
  3 kobolds
  3 quokkas
  3 ball pythons
  4 frilled lizards
  2 goblin skeletons (D:7)
  A goblin zombie (D:7)
  A hobgoblin zombie (D:7)
  A jackal skeleton (D:5)
  A kobold skeleton (D:7)
  2 kobold zombies (D:7)
  A leopard gecko skeleton (D:5)
  2 orc zombies (D:7)
  A quokka zombie (D:3)
  5 rats
174 creatures vanquished.

Vanquished Creatures (others)
  5 plants (D:7)
5 creatures vanquished.

Grand Total: 179 creatures vanquished

Notes
Turn   | Place    | Note
-------+----------+-------------------------------------------
     0 | D:1      | Fang the Gargoyle Berserker began the quest for the Orb.
     0 | D:1      | Reached XP level 1. HP: 14/14 MP: 1/1
   144 | D:1      | Reached XP level 2. HP: 19/19 MP: 2/2
   330 | D:1      | Reached ** piety under Trog
   330 | D:1      | Reached XP level 3. HP: 10/23 MP: 3/3
   678 | D:2      | Found a burning altar of Makhleb.
   774 | D:2      | Found a shimmering altar of Xom.
   775 | D:2      | Found a shimmering altar of Xom.
   776 | D:2      | Found a shimmering altar of Xom.
   777 | D:2      | Found a shimmering altar of Xom.
   777 | D:2      | Found a shimmering altar of Xom.
   777 | D:2      | Found a shimmering altar of Xom.
   778 | D:2      | Found a shimmering altar of Xom.
   778 | D:2      | Found a shimmering altar of Xom.
  1229 | D:3      | Found a stormy altar of Qazlal.
  1273 | D:3      | Noticed Terence
  1295 | D:3      | Killed Terence
  1295 | D:3      | Reached XP level 4. HP: 22/29 MP: 4/4
  1707 | D:3      | Reached skill level 4 in Fighting
  2054 | D:3      | Reached XP level 5. HP: 23/33 MP: 2/5
  2285 | D:4      | Reached XP level 6. HP: 35/39 MP: 6/6
  2421 | D:4      | Found a staircase to the Ecumenical Temple.
  2583 | D:4      | Found a hide-covered altar of Uskayaw.
  2602 | D:4      | Found a white marble altar of Elyvilon.
  2602 | D:4      | Found a sparkling altar of Nemelex Xobeh.
  2603 | D:4      | Found a bloodstained altar of Trog.
  2863 | D:4      | Found a glowing silver altar of Zin.
  2864 | D:4      | Found a blossoming altar of Fedhas.
  3019 | Temple   | Entered the Ecumenical Temple
  3042 | D:5      | Entered Level 5 of the Dungeon
  3091 | D:5      | Noticed an ice beast
  3097 | D:5      | Reached skill level 5 in Fighting
  3100 | D:5      | Reached XP level 7. HP: 10/44 MP: 2/7
  3251 | D:5      | Reached skill level 5 in Armour
  3253 | D:5      | Reached *** piety under Trog
  3360 | D:5      | Reached XP level 8. HP: 16/51 MP: 4/8
  3369 | D:5      | HP: 2/51 [gnoll/+0 whip (3)]
  3408 | D:5      | Reached skill level 6 in Fighting
  3899 | D:5      | Reached skill level 5 in Axes
  4672 | D:6      | Found Jemmeopn's Armour Emporium.
  5195 | D:7      | Identified the +7 trident of Enlumm {elec, rPois rN+ Str+3}
  5195 | D:7      | Identified the +6 scale mail "Ciumu" {rF+ rN++ Regen+
                  | Dex-2}
  5212 | D:7      | Found a transporter.
  5217 | D:7      | Found a transporter.
  5229 | D:7      | Noticed splatman's ghost (novice FoFi)
  5242 | D:7      | Noticed Grum
  5419 | D:7      | Reached XP level 9. HP: 56/56 MP: 9/9
  5422 | D:7      | Reached **** piety under Trog
  5468 | D:7      | Found a glowing golden altar of the Shining One.
  5480 | D:7      | Reached skill level 7 in Fighting
  5522 | D:7      | Reached skill level 5 in Dodging
  5798 | D:7      | Found Ceurudd's Armour Boutique.
  6432 | D:8      | Received a gift from Trog
  6792 | D:8      | Reached skill level 8 in Fighting
  6862 | D:8      | HP: 4/88 [killer bee (3)]
  6864 | D:8      | Killed from afar by an orc priest

Levels and vault maps discovered:
D:1:      moated_graveyard_arrival, layout_rooms
D:2:      layout_loops_ring, xom_redecorated, nicolae_overflow_crystal_walls,
          first_ration
D:3:      layout_loops_ring, old_standard_altar, serial_rivers,
          chequers_serial_rivers_small_3, chequers_serial_rivers_room_b,
          chequers_serial_rivers_micro_e, chequers_serial_rivers_small_a,
          chequers_serial_rivers_large_b, chequers_serial_rivers_room_b,
          uniq_terence
D:4:      layout_basic, nicolae_overflow_hidden_temple,
          eat_drink_and_be_merry_uskayaw, minmay_temple_entry_ruins,
          kennysheep_generic_room_7
D:5:      kennysheep_spiral_hall, layout_basic, nrook_mini_backslash
D:6:      layout_gridville, serial_shops, shop
D:7:      layout_loops_ring, nicolae_tso_besieged_by_evil, serial_shops, shop,
          gammafunk_ghost_gnarly_gnolls, grunt_ogre_cave, minmay_liquid_box,
          feat_on_display
D:8:      layout_basic, nicolae_gozag_seed_capital, serial_bayou_lagoon_a
Temple:   zaba_magenta_temple

Skill      XL: |  1  2  3  4  5  6  7  8  9 |
---------------+----------------------------+-----
Axes           | 3 4 5 6 |  6.7
Dodging        | 2 3 4 5 |  5.8
Armour         | 3 4 5 6 7 |  7.6
Fighting       | 4 5 6 8 |  8.1

Action                   |  1- 3 |  4- 6 |  7- 9 || total
-------------------------+-------+-------+-------++-------
Melee: Hand axe          |   123 |   199 |    78 ||   400
       War axe           |       |       |   402 ||   402
Invok: Berserk           |     1 |     2 |     7 ||    10
       Trog's Hand       |       |       |     3 ||     3
  Use: Scroll            |       |       |     1 ||     1
  Eat: Chunk             |     1 |     8 |    16 ||    25
       Ration            |       |       |     4 ||     4
Armor: Animal skin       |    56 |       |       ||    56
       Chain mail        |       |   122 |   377 ||   499
       Skin              |       |       |    13 ||    13
Dodge: Dodged            |   107 |    92 |   330 ||   529
